 Dungeon Sprint DCSS version 0.30.0-7-g0c4daa9e05 (webtiles) character file.

Game seed: 14053228963360798606

11088 Groucho the End of an Era (level 11, -2/65 HPs)
             Began as a Spriggan Hunter on May 13, 2023.
             Was the Champion of Qazlal.
             Slain by Sonja
             ... wielding a +2 dagger of venom
              (8 damage)
             ... while paralysed by a vampire knight
             ... in the Dungeon (Sprint VII: "The Pits").
             The game lasted 00:09:09 (6117 turns).

Groucho the End of an Era (Spriggan Hunter)         Turns: 6117, Time: 00:09:10

Health: -2/65      AC:  8    Str: 10    XL:     11   Next: 44%
Magic:  25/25      EV:  4    Int: 12    God:    Qazlal [******]
Gold:   16         SH:  0    Dex: 22    Spells: 10/10 levels left

rFire   . . .        a - +0 shortbow
rCold   . . .        (shield currently unavailable)
rNeg    . . .        c - +0 robe
rPois   .            (helmet restricted)
rElec   .            (no cloak)
rCorr   .            (gloves unavailable)
SInv    +            (boots unavailable)
Will    +....        x - amulet of the acrobat
Stlth   +            m - +3 ring of strength
HPRegen 0.30/turn    n - +3 ring of protection
MPRegen 0.19/turn

%: no teleportation, repel missiles, acrobat
@: paralysed, protected from physical damage, very quick
A: very small, no large weapons, unfitting armour, see invisible, speed 3
a: Renounce Religion, Upheaval, Elemental Force, Disaster Area


You were in the Dungeon.
You worshipped Qazlal.
Qazlal was exalted by your worship.
You visited 1 branch You collected 16 gold pieces.

Inventory:

Hand Weapons
 a - a +0 shortbow (weapon)
 q - the +8 arc blade {discharge, rElec}
   (You found it in the Dungeon)

   rElec:     It insulates you from electricity.
Armour
 c - a +0 robe (worn)
Jewellery
 m - a +3 ring of strength (left hand)
 n - a +3 ring of protection (right hand)
 s - a ring of protection from cold
 x - an amulet of the acrobat (around neck)
Scrolls
 b - a scroll of immolation
 i - 2 scrolls of blinking
 k - 5 scrolls of amnesia
 l - a scroll of summoning
 u - 7 scrolls of fear
 v - 2 scrolls of fog
 w - 4 scrolls of enchant armour
Potions
 d - 9 potions of curing
 e - 17 potions of heal wounds
 f - 2 potions of haste
 g - 4 potions of magic
 h - 4 potions of berserk rage
 j - 2 potions of invisibility
 o - 2 potions of might
 p - 2 potions of brilliance
 r - 2 potions of mutation
 t - a potion of ambrosia


   Skills:
 + Level 11.2 Fighting
 + Level 13.7 Ranged Weapons
 + Level 16.9 Dodging
 - Level 1.5 Stealth
 * Level 18.0 Invocations


You had 10 spell levels left.
You didn't know any spells.
Your spell library was empty.

Dungeon Overview and Level Annotations

Branches:
Dungeon (1/1)

Altars:
Ashenzari
Cheibriados
Dithmenos
Elyvilon
Fedhas
Gozag
Hepliaklqana
Kikubaaqudgha
Makhleb
Nemelex Xobeh
Okawaru
Qazlal
Ru
Sif Muna
Trog
Uskayaw
Vehumet
Wu Jian
Xom
Yredelemnul
Zin
The Shining One
Jiyva
Lugonu

Annotations:
D Sonja


Innate Abilities, Weirdness & Mutations

You are very small and have problems with some larger weapons.
You are too small for most types of armour.
You have supernaturally acute eyesight. (SInv)
You cover ground extremely quickly. (Speed+++)


Message History

A vampire knight comes into view. It is wielding a +0 war axe.
You shoot an arrow.
The arrow hits the vampire knight but does no damage.
Sonja drinks a potion.
Sonja suddenly seems more resistant.
You shoot an arrow.
The arrow hits the vampire knight but does no damage.
Sonja gestures wildly while chanting.
Sonja blinks!
You shoot an arrow.
The arrow hits the vampire knight but does no damage.
The vampire knight casts a spell.
The vampire knight seems to speed up.
You shoot an arrow.
The arrow hits the vampire knight but does no damage.
Sonja throws a curare-tipped dart.
The curare-tipped dart completely misses you.
You shoot an arrow.
The arrow hits the vampire knight but does no damage.
You shoot an arrow.
The arrow hits the vampire knight but does no damage.
The vampire knight points at you and mumbles some strange words.
You suddenly lose the ability to move!
The vampire knight is engulfed in freezing vapours.
The vampire knight hits you with a +0 war axe!!
The vampire knight bites you but does no damage.
The vampire knight barely misses you.
The vampire knight completely misses you.
The vampire knight is engulfed in freezing vapours.
The vampire knight hits you with a +0 war axe!
You feel protected from physical attacks.
The vampire knight bites you!
The vampire knight draws strength from your injuries!
The vampire knight is engulfed in freezing vapours.
The vampire knight hits you with a +0 war axe!
* * * LOW HITPOINT WARNING * * *
The vampire knight bites you.
* * * LOW HITPOINT WARNING * * *
The vampire knight draws strength from your injuries!
Sonja hits you with a +2 dagger of venom!
You die...

###++########## ..........##..#
#..#......##..# # ..........''..#
§# ).........''..##########..#
#..#......##...☼.K.....)..#
..........##..○.@V§.......#
###''######################
.##''################ ###########
.##..#..............###..##....#.
.##..##............).#..##.#.#.#.
.##..####...#'######...##......#.
.##..#..#####.##...##'##.#.#.#.#.
.##..#....##...#...#...#.......##
.##..'.....#...#|..#...#.......#.


You could see a vampire knight (fast) and Sonja (resistant).

Vanquished Creatures
  A minotaur (D)
  A catoblepas (D)
  2 boulder beetles (D)
  A deep troll (D)
  A phantasmal warrior (D)
  A lindwurm (D)
  A cyclops (D)
  A merfolk siren (D)
  An elephant (D)
  A demonic crawler (D)
  A molten gargoyle (D)
  A rust devil (D)
  A cane toad (D)
  2 orange demons (D)
  A freezing wraith (D)
  A red devil (D)
  A merfolk (D)
  A tyrant leech (D)
  A hellwing (D)
  Grinder (D)
  A polar bear (D)
  2 small abominations (D)
  A flying skull (D)
  2 shadows (D)
  A basilisk (D)
  Grum (D)
  2 vampire mosquitoes (D)
  A warg (D)
  A swamp drake (D)
  5 floating eyes (D)
  An orc warrior (D)
  A black bear (D)
  3 wolves (D)
  A kobold brigand (D)
  2 scorpions (D)
  6 killer bees (D)
  3 orc priests (D)
  A jelly (D)
  An orc wizard (D)
  Terence (D)
  A mummy (D)
  A river rat (D)
  An ufetubus (D)
  A worm (D)
  An orc (D)
  A bat skeleton (D)
  An endoplasm (D)
  2 goblins (D)
  8 jackals (D)
  2 kobolds (D)
  3 quokkas (D)
  A ball python (D)
  A jackal zombie (D)
83 creatures vanquished.

Notes
Turn   | Place    | Note
-------+----------+-------------------------------------------
     0 | D        | Groucho the Spriggan Hunter began the quest for the Orb.
     0 | D        | Reached XP level 1. HP: 10/10 MP: 2/2
    35 | D        | Found a bloodstained altar of Trog.
    35 | D        | Found a shimmering blue altar of Sif Muna.
    35 | D        | Found a viscous altar of Jiyva.
    35 | D        | Found a hazy altar of Hepliaklqana.
    35 | D        | Found an opulent altar of Gozag.
    36 | D        | Found a glowing golden altar of the Shining One.
    36 | D        | Found a glowing silver altar of Zin.
    36 | D        | Found a basalt altar of Yredelemnul.
    36 | D        | Found a shimmering altar of Xom.
    36 | D        | Found an ornate altar of the Wu Jian Council.
    36 | D        | Found a sacrificial altar of Ru.
    36 | D        | Found a stormy altar of Qazlal.
    36 | D        | Found an iron altar of Okawaru.
    36 | D        | Found a sparkling altar of Nemelex Xobeh.
    36 | D        | Found a burning altar of Makhleb.
    36 | D        | Found a blossoming altar of Fedhas.
    36 | D        | Found a white marble altar of Elyvilon.
    36 | D        | Found a shadowy altar of Dithmenos.
    36 | D        | Found a snail-covered altar of Cheibriados.
    38 | D        | Found a radiant altar of Vehumet.
    38 | D        | Found a corrupted altar of Lugonu.
    39 | D        | Found a hide-covered altar of Uskayaw.
    39 | D        | Found an ancient bone altar of Kikubaaqudgha.
    39 | D        | Found a broken altar of Ashenzari.
    53 | D        | Became a worshipper of Qazlal Stormbringer
    62 | D        | Noticed a floating eye
    67 | D        | Paralysed by a floating eye for 2 turns
    74 | D        | Paralysed by a floating eye for 4 turns
    86 | D        | Paralysed by a floating eye for 3 turns
    89 | D        | Killed a floating eye
    90 | D        | Reached skill level 5 in Ranged Weapons
    90 | D        | Reached skill level 5 in Dodging
    90 | D        | Reached skill level 5 in Invocations
    90 | D        | Reached XP level 2. HP: 16/16 MP: 2/6
    90 | D        | Reached XP level 3. HP: 20/20 MP: 2/7
    90 | D        | Reached XP level 4. HP: 25/25 MP: 2/8
   386 | D        | Noticed a floating eye
   387 | D        | Noticed a scorpion
   388 | D        | Paralysed by a floating eye for 4 turns
   392 | D        | Killed a floating eye
   393 | D        | Reached skill level 6 in Invocations
   393 | D        | Reached XP level 5. HP: 30/30 MP: 8/11
   416 | D        | Reached * piety under Qazlal
   417 | D        | Reached skill level 7 in Invocations
   489 | D        | Reached ** piety under Qazlal
   587 | D        | Reached *** piety under Qazlal
   800 | D        | Reached XP level 6. HP: 24/35 MP: 12/12
  1271 | D        | Noticed a floating eye
  1278 | D        | Reached skill level 5 in Fighting
  1283 | D        | Reached **** piety under Qazlal
  1284 | D        | Reached skill level 8 in Invocations
  1711 | D        | Paralysed by a floating eye for 4 turns
  1718 | D        | Killed a floating eye
  1719 | D        | Reached skill level 9 in Invocations
  1886 | D        | Noticed a floating eye
  1889 | D        | Noticed a flying skull
  1889 | D        | Paralysed by a floating eye for 3 turns
  1892 | D        | Killed a floating eye
  1893 | D        | Reached XP level 7. HP: 39/39 MP: 13/15
  1929 | D        | Killed a flying skull
  1930 | D        | Reached skill level 10 in Invocations
  2469 | D        | Reached skill level 10 in Dodging
  2641 | D        | Noticed a cyclops
  2644 | D        | Killed a cyclops
  2645 | D        | Reached skill level 11 in Invocations
  2645 | D        | Reached XP level 8. HP: 45/45 MP: 6/17
  2916 | D        | Noticed Terence
  2932 | D        | Killed Terence
  2932 | D        | Reached ***** piety under Qazlal
  3264 | D        | Paralysed by a floating eye for 4 turns
  3266 | D        | Reached skill level 12 in Invocations
  3274 | D        | Found the +8 arc blade {discharge, rElec}
  3374 | D        | Noticed a freezing wraith
  3374 | D        | Noticed an orange demon
  3378 | D        | Killed an orange demon
  3419 | D        | Killed a freezing wraith
  3420 | D        | Reached skill level 10 in Ranged Weapons
  3420 | D        | Reached XP level 9. HP: 23/51 MP: 8/19
  3656 | D        | Noticed a polar bear
  3658 | D        | Reached skill level 13 in Invocations
  3660 | D        | Killed a polar bear
  3698 | D        | Noticed a rust devil
  3747 | D        | Killed a rust devil
  3747 | D        | Reached ****** piety under Qazlal
  3798 | D        | Noticed an elephant
  3798 | D        | Noticed a lindwurm
  3802 | D        | Noticed a merfolk siren
  3806 | D        | Killed a lindwurm
  3807 | D        | Reached skill level 14 in Invocations
  3807 | D        | Killed a merfolk siren
  3811 | D        | Killed an elephant
  3812 | D        | Reached XP level 10. HP: 58/58 MP: 7/22
  4154 | D        | Reached skill level 15 in Invocations
  4154 | D        | Killed Grinder
  4356 | D        | Noticed a molten gargoyle
  4358 | D        | Killed a molten gargoyle
  4360 | D        | Noticed a deep troll
  4361 | D        | Killed a deep troll
  4362 | D        | Reached skill level 15 in Dodging
  4776 | D        | Noticed a demonic crawler
  4776 | D        | Noticed an orange demon
  4777 | D        | Noticed a minotaur
  4783 | D        | Killed a demonic crawler
  4783 | D        | Killed an orange demon
  4784 | D        | Reached skill level 10 in Fighting
  4784 | D        | Reached skill level 16 in Invocations
  4784 | D        | Killed a minotaur
  5122 | D        | Noticed a boulder beetle
  5122 | D        | Noticed a cane toad
  5122 | D        | Noticed a boulder beetle
  5122 | D        | Noticed a catoblepas
  5123 | D        | Noticed Grum
  5126 | D        | Reached XP level 11. HP: 64/64 MP: 17/24
  5126 | D        | Killed Grum
  5126 | D        | Killed a catoblepas
  5127 | D        | Reached skill level 17 in Invocations
  5127 | D        | Killed a boulder beetle
  5711 | D        | Killed a boulder beetle
  6042 | D        | Acquired an amulet of the acrobat
  6080 | D        | Noticed a phantasmal warrior
  6091 | D        | Killed a phantasmal warrior
  6092 | D        | Reached skill level 18 in Invocations
  6104 | D        | Noticed Sonja
  6104 | D        | Noticed a vampire knight
  6114 | D        | Paralysed by a vampire knight for 4 turns
  6117 | D        | Slain by Sonja

Illustrated notes

Levels and vault maps discovered:
D:        pitsprint [storerooms_1, entrance_room_1, metal_vault_1, armoury_1,
          mini_pit_1, grid_room_1, main_hall_1, silver_pit, the_coven_3,
          the_vestibule_1, steel_vault_5, golden_pit, hallway_of_sentries,
          crystal_vault_2, iron_vault_2, final_vault]

Skill      XL: |  1  2  3  4  5  6  7  8  9 10 11 |
---------------+----------------------------------+-----
Dodging        | 5 7 9 10 12 14 15 16 | 16.9
Fighting       | 3 4 5 6 8 9 10 11 | 11.2
Ranged Weapons | 5 6 7 9 10 11 12 13 | 13.7
Invocations    | 5 6 7 9 11 12 14 16 18 | 18.0
Stealth        | |  1.5

Action                     |  1- 3 |  4- 6 |  7- 9 | 10-12 || total
---------------------------+-------+-------+-------+-------++-------
   Fire: Shortbow          |     7 |    79 |    87 |    41 ||   214
 Invoke: Upheaval          |       |     1 |    16 |    15 ||    32
         Disaster Area     |       |       |     1 |     2 ||     3
    Use: Potion            |       |     1 |       |       ||     1
         Scroll            |       |       |       |     1 ||     1
 Armour: Robe              |       |     3 |       |     3 ||     6
  Dodge: Dodged            |       |    29 |    34 |    20 ||    83
  Block: Other             |       |     4 |    13 |     8 ||    25
